Map: Discord IV

Players

zenobitt

  • Race: Terran Terran
  • Spawn Location: 9:00

Gracz

  • Race: Protoss Protoss
  • Spawn Location: 11:00

rasyta

  • Race: Terran Terran
  • Spawn Location: 5:00

JohnnyGunner

  • Race: Protoss Protoss
  • Spawn Location: 5:00

VOD

Have the link to the VOD?

Description

Time

  • Played on: March 5, 2016, 8:08 a.m.
  • Length: 11:04
Show
View Real Time Build Order
Export as new Build Order

zenobitt Terran 

Build Orders:  

Get SALT Encoding   

  12  0:05  SCV  
  13  0:18  SCV  
  14  0:27  Refinery  
  14  0:30  SCV  
  15  0:37  Supply Depot  
  15  0:58  SCV  
  15  0:59  Refinery  
  15  1:00  Supply Depot  
  16  1:10  SCV  
  17  1:22  SCV  
  17  1:24  Barracks  
  18  1:34  SCV  
  19  1:47  SCV  
  20  2:21  Engineering Bay  
  20  2:27  Marine  
  21  2:37  Command Center  
  21  2:44  Marine  
  22  2:56  Factory  
  22  2:59  Planetary Fortress  
  22  3:02  Marine  
  23  3:20  Marine  
  23  3:22  Terran Infantry Weapons Level 1  
  24  3:32  Missile Turret  
  24  3:38  Marine  
  25  3:51  SCV  
  25  3:53  Missile Turret  
  26  3:58  Refinery  
  26  4:03  SCV  
  27  4:11  Factory Tech Lab  
  27  4:15  SCV  
  28  4:24  Missile Turret  
  28  4:27  SCV  
  29  4:39  SCV  
  29  4:40  Supply Depot  
  30  4:45  Barracks Tech Lab  
  30  4:48  Missile Turret  
  30  4:52  SCV  
  31  4:56  Orbital Command  
  31  5:03  Supply Depot  
  31  5:04  SCV  
  32  5:12  Marauder  
  34  5:15  Combat Shields  
  34  5:16  Terran Infantry Armor Level 1, SCV  
  35  5:34  SCV, Marauder  
  38  5:46  SCV  
  38  5:49  Starport  
  39  5:55  Marauder  
  41  5:58  SCV  
  42  6:10  Mag-Field Accelerator, SCV  
  43  6:16  Marauder  
  45  6:22  SCV  
  45  6:24  Siege Tank  
  49  6:38  Marauder  
  51  6:43  Missile Turret  
  51  6:59  Marauder  
  53  7:11  Hi-Sec Auto Tracking  
  53  7:21  Marauder  
  55  7:37  Refinery  
  55  7:38  SCV  
  55  7:41  Marine  
  57  7:48  Siege Tank  
  57  7:50  SCV  
  61  7:59  Marine  
  62  8:07  Neosteel Frame  
  62  8:23  Supply Depot  
  62  8:27  Liberator  
  62  8:44  Marine, Siege Tank, SCV  
  62  8:46  Supply Depot  
  70  9:08  Marine, SCV  
  72  9:10  Liberator  
  72  9:20  SCV  
  72  9:22  Supply Depot  
  62  9:26  Marauder  
  65  9:47  Marauder  
  59  10:09  Marauder  
  61  10:25  Missile Turret  
  61  10:30  Marauder  
  63  10:45  Missile Turret  
Show
View Real Time Build Order
Export as new Build Order

Gracz Protoss 

Build Orders:  

Get SALT Encoding   

  12  0:16  Probe (Chrono Boost)  
  13  0:26  Probe (Chrono Boost)  
  14  0:37  Probe (Chrono Boost)  
  14  0:40  Assimilator  
  14  0:42  Pylon  
  15  0:54  Pylon  
  15  1:00  Probe (Chrono Boost)  
  15  1:03  Gateway  
  16  1:11  Probe (Chrono Boost)  
  17  1:20  Pylon  
  17  1:21  Probe (Chrono Boost)  
  17  1:25  Gateway  
  18  1:32  Probe (Chrono Boost)  
  19  1:37  Assimilator  
  19  1:42  Probe (Chrono Boost)  
  20  1:48  Gateway  
  20  2:02  Pylon  
  20  2:07  Probe (Chrono Boost)  
  21  2:17  Probe (Chrono Boost)  
  21  2:19  Cybernetics Core  
  22  2:24  Gateway  
  22  2:50  Gateway  
  22  2:55  Gateway  
  22  2:58  Gateway  
  22  3:02  Warp Gate (Chrono Boost)  
  22  3:16  Gateway  
  22  3:24  Stalker  
  24  3:27  Stalker  
  26  3:59  Pylon  
  26  4:16  Stargate  
  26  4:18  Stargate  
  26  4:19  Stargate x2  
  26  4:38  Stargate  
  26  5:13  Nexus  
  26  5:18  Assimilator  
  26  5:22  Assimilator  
  26  5:25  Pylon  
  26  5:29  Pylon  
  26  5:35  Stalker x2  
  30  5:41  Sentry  
  30  5:42  Sentry  
  23  6:08  Stalker x3  
  21  6:16  Stalker x3  
  21  6:17  Stalker  
  23  6:49  Stalker  
  23  6:50  Stalker x3  
  23  7:18  Void Ray (Chrono Boost)  
  27  7:30  Zealot x3  
  27  7:31  Zealot x2  
  27  7:33  Zealot  
  39  7:42  Zealot  
  41  8:03  Oracle (Chrono Boost)  
  42  8:31  Void Ray (Chrono Boost)  
  46  8:39  Zealot x2  
  46  8:40  Zealot  
  52  9:09  Twilight Council  
  52  9:23  Pylon  
  35  9:33  Void Ray (Chrono Boost)  
  29  9:41  Zealot x3  
  25  10:00  Stalker  
Show
View Real Time Build Order
Export as new Build Order

rasyta Terran 

Build Orders:  

Get SALT Encoding   

  12  0:03  SCV  
  13  0:25  SCV  
  13  0:26  Supply Depot  
  14  0:37  SCV  
  15  0:49  SCV  
  16  1:01  SCV  
  16  1:03  Refinery  
  17  1:09  Refinery  
  17  1:13  SCV  
  18  1:25  SCV  
  19  1:26  Barracks  
  19  1:27  Barracks  
  19  1:37  SCV  
  20  1:49  SCV  
  21  2:01  SCV  
  22  2:14  SCV  
  23  2:16  Barracks Tech Lab  
  23  2:17  Factory  
  23  2:26  Barracks Tech Lab  
  23  2:27  Barracks  
  23  2:33  Supply Depot  
  23  2:55  SCV, Marauder  
  26  2:59  Supply Depot  
  26  3:05  Factory Tech Lab  
  26  3:10  Starport  
  26  3:15  Orbital Command  
  26  3:16  Marauder  
  28  3:20  Barracks Reactor  
  28  3:29  Barracks  
  28  3:36  Supply Depot  
  28  3:38  Marauder  
  30  3:51  Siege Tank  
  33  3:58  Medivac, Supply Depot  
  35  4:03  Marauder  
  37  4:21  Barracks Reactor  
  37  4:25  Barracks  
  37  4:29  Supply Depot  
  37  4:39  Marine  
  38  4:51  Supply Depot  
  38  4:52  Medivac  
  38  4:56  Siege Tank  
  38  4:57  Marine  
  44  5:15  Marine  
  45  5:21  Barracks Reactor  
  45  5:25  Engineering Bay  
  45  5:27  Factory, Widow Mine  
  47  5:32  Marine  
  48  5:50  Marine  
  47  6:57  Marine  
  48  7:02  Marauder  
  48  7:03  Marine x3  
  48  7:04  Marine x3  
  54  7:15  Marine  
  55  7:21  Marine, Siege Tank  
  59  7:23  Medivac, Marauder  
  63  7:33  Marine  
  64  7:42  Factory Tech Lab  
  64  7:44  Terran Infantry Weapons Level 1  
  64  7:45  Marauder  
  64  7:51  Marine  
  67  8:06  Command Center, Marauder  
  67  8:08  Marine  
  70  8:18  Combat Shields  
  70  8:26  Marine  
  71  8:43  Supply Depot  
  71  8:53  Armory  
  71  9:05  Marauder  
  71  9:07  Supply Depot  
  47  10:14  SCV  
  47  10:22  Supply Depot  
  47  10:26  SCV  
  54  10:28  Marine  
  54  10:29  Marine x3  
  58  10:38  SCV  
  59  10:46  Supply Depot  
  55  10:50  SCV  
Show
View Real Time Build Order
Export as new Build Order

JohnnyGunner Protoss 

Build Orders:  

Get SALT Encoding   

  12  0:10  Assimilator  
  12  0:12  Probe (Chrono Boost)  
  13  0:22  Assimilator  
  13  0:27  Probe (Chrono Boost)  
  14  0:37  Probe (Chrono Boost)  
  15  0:46  Pylon  
  15  1:02  Pylon  
  15  1:08  Probe (Chrono Boost)  
  16  1:23  Pylon  
  16  1:26  Pylon  
  16  1:44  Forge  
  16  1:56  Gateway  
  16  2:03  Pylon  
  16  2:10  Pylon  
  16  2:19  Pylon  
  16  2:27  Photon Cannon  
  16  2:32  Photon Cannon  
  16  2:42  Probe (Chrono Boost)  
  17  2:53  Probe (Chrono Boost)  
  17  2:55  Photon Cannon  
  18  3:07  Photon Cannon  
  18  3:15  Probe (Chrono Boost)  
  19  3:25  Probe (Chrono Boost)  
  20  3:34  Cybernetics Core  
  20  3:36  Probe (Chrono Boost)  
  21  3:43  Photon Cannon  
  21  4:04  Photon Cannon  
  21  4:12  Photon Cannon  
  21  4:16  Photon Cannon  
  21  4:30  Stargate  
  21  4:37  Probe (Chrono Boost)  
  22  4:47  Protoss Shields Level 1  
  22  4:48  Mothership Core (Chrono Boost)  
  24  5:06  Robotics Facility  
  24  5:28  Fleet Beacon  
  24  5:32  Pylon  
  24  5:45  Protoss Air Weapons Level 1  
  24  6:14  Robotics Bay  
  24  6:18  Photon Cannon  
  24  6:40  Tempest (Chrono Boost)  
  28  7:01  Disruptor  
  37  7:39  Protoss Air Armor Level 1  
  37  7:46  Nexus  
  37  7:53  Pylon  
  43  8:20  Carrier (Chrono Boost)  
  43  8:48  Twilight Council  
  43  8:52  Photon Cannon  
  43  9:04  Disruptor  
  46  9:54  Tempest (Chrono Boost)  
Tags
 
Add a new tag
Caveats
  • Supply blocks, unpowered buildings, or Contaminate may cause inaccurate times.
  • Supply counts are checked every 10 seconds.